 Dungeon Crawl Stone Soup version 0.24-a0-235-g3f03afc (webtiles) character file.

Game seed: 7056192338879691138

23 MatthieuS the Grave Robber (level 2, 0/15 HPs)
             Began as a Deep Elf Necromancer on Apr 5, 2019.
             Slain by a frilled lizard (2 damage)
             ... on level 1 of the Dungeon.
             The game lasted 00:01:23 (782 turns).

MatthieuS the Grave Robber (Deep Elf Necromancer)    Turns: 782, Time: 00:01:23

Health: 0/15       AC:  2    Str:  5    XL:     2   Next: 72%
Magic:  3/8        EV: 13    Int: 19    God:
Gold:   29         SH:  0    Dex: 15    Spells: 6/8 levels left

rFire    . . .     SeeInvis .   d - +0 whip (distort) {!w}
rCold    . . .     Gourm    .   (no shield)
rNeg     . . .     Faith    .   a - +0 robe
rPois    .         Spirit   .   (no helmet)
rElec    .         Reflect  .   (no cloak)
rCorr    .         Harm     .   (no gloves)
MR       .....                  (no boots)
Stlth    ++........             (no amulet)
HPRegen  0.05/turn              (no ring)
MPRegen  0.11/turn              (no ring)

@: no status effects
A: no striking features
a: no special abilities


You were on level 1 of the Dungeon.
You were not hungry.

You visited 1 branch of the dungeon, and saw 1 of its levels.

You collected 29 gold pieces.

Inventory:

Hand Weapons
 d - a +0 whip of distortion (weapon) {!w}
   (You found it on level 1 of the Dungeon)
Armour
 a - a +0 robe (worn)
Scrolls
 c - 3 scrolls of identify {unknown}
Potions
 b - a potion of degeneration {unknown}
 f - 2 potions of agility {unknown}
Comestibles
 e - 2 rations


   Skills:
 - Level 2.4 Dodging
 - Level 2.4 Stealth
 + Level 3.9 Spellcasting
 + Level 5.3 Necromancy


You had 6 spell levels left.
You knew the following spells:

 Your Spells              Type           Power        Failure   Level  Hunger
a - Pain                  Necr           ###.         1%          1    None
z - Animate Skeleton      Necr           N/A          1%          1    None

Your spell library contained the following spells:

 Spells                   Type           Power        Failure   Level  Hunger
 Vampiric Draining        Necr           ###.......   4%          3    ###....
 Regeneration             Chrm/Necr      ##........   14%         3    ###....
 Animate Dead             Necr           N/A          16%         4    ####...


Dungeon Overview and Level Annotations

Branches:
Dungeon (1/15)

Altars:


Message History

There is an open door here.
As you open the door, it creaks loudly!
Found a stone staircase leading down.
There is an open door here.
A hobgoblin comes into view.
A hobgoblin is nearby!
A hobgoblin is nearby!
A hobgoblin is nearby!
A goblin and a hobgoblin come into view.
The hobgoblin shouts!
The goblin shouts!
The hobgoblin shouts!
A frilled lizard comes into view.
Aim: a hobgoblin (chance to defeat MR: 92%)
The hobgoblin writhes in agony.
A rat comes into view.
Aim: a hobgoblin (moderately wounded, chance to defeat MR: 92%)
The hobgoblin writhes in agony.
Aim: a hobgoblin (severely wounded, chance to defeat MR: 92%)
The hobgoblin writhes in agony.
A bat comes into view.
Aim: a hobgoblin (almost dead, chance to defeat MR: 92%)
The hobgoblin writhes in agony.
You kill the hobgoblin!
Aim: a goblin (chance to defeat MR: 92%)
The goblin writhes in agony.
You kill the goblin!
Aim: a hobgoblin (chance to defeat MR: 93%)
The hobgoblin writhes in agony.
The rat twitches its whiskers.
The hobgoblin barely misses you. The bat hits you but does no damage.
The bat barely misses you.
The frilled lizard hisses.
The bat barely misses you.
You open the door. The bat hits you. The hobgoblin hits you.
* * * LOW HITPOINT WARNING * * *
The bat hits you.
* * * LOW HITPOINT WARNING * * *
There is an open door here.
The bat hits you.
* * * LOW HITPOINT WARNING * * *
Found a fuming brown potion.
You hit the hobgoblin.
You kill the hobgoblin!
The bat closely misses you. The rat bites you.
* * * LOW HITPOINT WARNING * * *
You hit the rat but do no damage.
The rat disappears!
The bat closely misses you.
You miss the bat. The bat misses you.
You miss the frilled lizard. The frilled lizard closely misses you.
You miss the frilled lizard. The frilled lizard bites you.
You die...

+...+.#.....##. ....
##'##...######. #...
####.###.#######. #.... #
#....# #.###..#.. #....+ #.
#.######.##..#'..
#.....##.###......#.##.##...
#...... !..######.#....#....
#......###..#.....#.####....
.....†...##@#.#####.##......
##...♣....l##...# ##'....♣..
#..........###'###.........
#..........................
#............############..
#.##.#...##.>############.#
......+...###.#............#
.#.##.#...+..........#######
#...# .##......#


You could see a frilled lizard.

Vanquished Creatures
  An ooze (D:1)
  A dart slug (D:1)
  2 giant cockroaches (D:1)
  4 goblins (D:1)
  3 hobgoblins (D:1)
  A ball python (D:1)
  A bat (D:1)
  A kobold (D:1)
  A rat (D:1)
15 creatures vanquished.

Notes
Turn   | Place    | Note
-------+----------+-------------------------------------------
     0 | D:1      | MatthieuS the Deep Elf Necromancer began the quest for the
                  | Orb.
     0 | D:1      | Reached XP level 1. HP: 10/10 MP: 6/6
   143 | D:1      | Reached skill level 5 in Necromancy
   164 | D:1      | Reached XP level 2. HP: 7/15 MP: 0/8
   652 | D:1      | Learned a level 1 spell: Animate Skeleton
   782 | D:1      | Slain by a frilled lizard

Levels and vault maps discovered:
D:1:      nicolae_arrival_somewhat_less_tricky_arrival, layout_basic

Skill      XL: |  1 |
---------------+----+-----
Necromancy     | 5 |  5.3
Dodging        | |  2.4
Stealth        | |  2.4
Spellcasting   | |  3.9

Action                   || total
-------------------------++-------
Melee: Whip              ||     8
 Cast: Pain              ||    27
 Stab: Sleeping          ||     1
Armor: Robe              ||     3
Dodge: Dodged            ||    13

Table legend:
 A = Non-vault XP
 B = Vault XP
 C = Vault XP percentage of total XP
 D = Non-vault monster count
 E = Vault monster count
 F = Vault count percentage of total count
                 A         B        C        D         E       F
            +---------+---------+-------+---------+---------+-------
      Total |      33 |       0 |   0.0 |      15 |       0 |   0.0
            +---------+---------+-------+---------+---------+-------
        D:1 |      33 |       0 |   0.0 |      15 |       0 |   0.0
            +---------+---------+-------+---------+---------+-------
